 Dungeon Crawl Stone Soup version 0.30-b1-2-g02819fbbbe (webtiles) character file.

Game seed: 6693722125949579552

14998 manyhoops the Grappler (level 12, -5/81 HPs)
             Began as an Octopode Transmuter on Nov 2, 2023.
             Was an Initiate of Gozag.
             Slain by a catoblepas (12 damage)
             ... while petrified by a catoblepas
             ... on level 1 of the Lair of Beasts.
             The game lasted 00:30:05 (14732 turns).

manyhoops the Grappler (Octopode Transmuter)       Turns: 14732, Time: 00:30:06

Health: -5/81      AC:  3    Str: 13    XL:     12   Next: 22%
Magic:  26/26      EV:  2    Int: 21    God:    Gozag
Gold:   1861       SH:  0    Dex: 12    Spells: 4/17 levels left

rFire   . .          .
                       - Unarmed
rCold   . . .        (no shield)
rNeg    + + +        D - +2 hat
rPois   ∞            (no amulet)
rElec   .            i - ring of protection from cold
rCorr   .            g - ring of flight
SInv    +            r - ring of willpower
Will    +....        a - ring "Vureuntu" {rPois rC- MP+9 Int+4}
Stlth   ++++         (no ring)
HPRegen 0.33/turn    (no ring)
MPRegen 0.20/turn    (no ring)
                     (no ring)

%: clarity
@: silenced, petrified, flying
A: almost no armour, amphibious, 8 rings, camouflage 1, gelatinous body 1,
(nimble swimmer 1), tentacles, see invisible, clarity
a: Renounce Religion


You were on level 1 of the Lair of Beasts.
You worshipped Gozag.
Gozag was most pleased with you.
You visited 3 branches of the dungeon, and saw 12 of its levels.
You also visited: Sewer.

You collected 2331 gold pieces.
You spent 381 gold pieces at shops.
You paid 89 gold pieces to Gozag.

Inventory:

Hand Weapons
 d - a +0 dagger of electrocution
Missiles
 B - a throwing net
 E - a curare-tipped dart
 F - 13 poisoned darts (quivered)
Armour
 k - a +0 buckler
 D - a +2 hat (worn)
Magical Staves
 p - a staff of cold
Jewellery
 a - the ring "Vureuntu" (on tentacle) {rPois rC- MP+9 Int+4}
   (You found it in a sewer)

   [ring of magical power]

   Int:       It affects your intelligence (+4).
   rC:        It makes you vulnerable to cold.
   rPois:     It protects you from poison.
   MP:        It affects your magic capacity (+9).
 g - a ring of flight (right tentacle)
 i - a ring of protection from cold (left tentacle)
 r - a ring of willpower (on tentacle)
Wands
 y - a wand of acid (2)
 C - a wand of iceblast (5)
 J - a wand of flame (6)
Scrolls
 f - a scroll of noise
 h - 2 scrolls of teleportation
 j - a scroll of poison
 l - a scroll of magic mapping
 o - 4 scrolls of enchant weapon
 q - a scroll of fog
 s - 2 scrolls of enchant armour
 v - a scroll of silence
 x - a scroll of vulnerability {unknown}
 M - a scroll of blinking {unknown}
Potions
 b - 5 potions of brilliance
 e - 7 potions of curing
 m - 3 potions of flight
 n - 2 potions of haste
 t - 3 potions of magic
 u - 4 potions of mutation
 w - a potion of berserk rage {unknown}
 z - 3 potions of attraction
 A - a potion of invisibility {unknown}
 G - 2 potions of ambrosia {unknown}
 H - a potion of lignification
 K - a potion of might {unknown}


   Skills:
 * Level 7.2 Fighting
 - Level 1.0 Staves
 - Level 3.4 Dodging
 - Level 10.4 Stealth
 + Level 13.1 Unarmed Combat
 - Level 3.4 Spellcasting
 - Level 7.4 Transmutations
 - Level 6.4 Ice Magic


You had 4 spell levels left.
You knew the following spells:

 Your Spells              Type           Power      Damage    Failure   Level
a - Beastly Appendage     Tmut           68%        N/A       1%          1
b - Wereblood             Tmut           34%        N/A       1%          2
c - Ice Form              Ice/Tmut       32%        N/A       8%          4
d - Statue Form           Tmut/Erth      12%        N/A       99%         6

Your spell library contained the following spells:

 Spells                   Type           Power      Damage    Failure   Level
 Spider Form              Tmut/Pois      19%        N/A       9%          3
 Slow                     Hex            12%        N/A       13%         1
 Summon Small Mammal      Summ           12%        N/A       13%         1
 Call Canine Familiar     Summ           3%         N/A       36%         3
 Confusing Touch          Hex            3%         N/A       36%         3
 Summon Guardian Golem    Hex/Summ       3%         N/A       36%         3
 Vampiric Draining        Necr           3%         2d6       36%         3
 Leda's Liquefaction      Hex/Erth       1%         N/A       77%         4
 Olgreb's Toxic Radiance  Pois           3%         N/A       77%         4
 Lee's Rapid Deconstruct  Erth           1%         3d4*      98%         5
 Discord                  Hex            1%         N/A       100%        8
 Ignition                 Fire           1%         3d3       100%        8


Dungeon Overview and Level Annotations

Branches:
Dungeon (10/15)            Temple (1/1) D:5            Lair (1/5) D:10
    Orc (0/2) D:10          Sewer (visited)

Altars:
Ashenzari
Cheibriados
Dithmenos
Elyvilon
Fedhas
Gozag
Hepliaklqana
Kikubaaqudgha
Makhleb
Nemelex Xobeh
Okawaru
Qazlal
Ru
Sif Muna
Trog
Uskayaw
Vehumet
Wu Jian
Xom
Yredelemnul
Zin
The Shining One

Shops:
D:10 *!


Innate Abilities, Weirdness & Mutations

You cannot wear most types of armour.
You are amphibious.
You can wear up to eight rings at the same time.
Your skin changes colour to match your surroundings (Stealth+).
Your rubbery body absorbs attacks. (AC +1, EV +1)
((You are camouflaged when in or above water. (Stealth+)))
You have tentacles for arms and can constrict up to eight enemies at once.
You have supernaturally acute eyesight. (SInv)
You possess an exceptional clarity of mind.


Message History

* * * LOW HITPOINT WARNING * * *
You turn to wood and can move again.
Unknown command.
Unknown command.
Okay, then.
Okay, then.
Okay, then.
You feel better.
The catoblepas breathes a plume of calcifying dust at you.
The blast of calcifying dust hits you but does no damage.
You feel better.
You are engulfed in calcifying dust.
The catoblepas gores you but does no damage.
You feel better.
You are engulfed in calcifying dust.
The catoblepas barely misses you.
You feel better.
You are engulfed in calcifying dust.
You are slowing down.
The catoblepas gores you but does no damage.
Unknown command.
Unknown command.
Unknown command.
You feel limber!
Your magical effects are unravelling.
You feel magically purged.
You are engulfed in calcifying dust.
You are slowing down.
You feel less wooden.
Your +2 hat unmelds from your body.
The catoblepas gores you!!
* * * LOW HITPOINT WARNING * * *
Unknown command.
Okay, then.
As you read the scroll labelled HOHUDD WURIY, it crumbles to dust.
A profound silence engulfs you.
It was a scroll of silence.
You are engulfed in calcifying dust.
The catoblepas barely misses you. The catoblepas gores you.
* * * LOW HITPOINT WARNING * * *
You have turned to stone.
The catoblepas breathes a plume of calcifying dust at you.
The blast of calcifying dust hits you but does no damage.
You are engulfed in calcifying dust.
The catoblepas gores you!!
You die...
Your body crumbles into a pile of gold.

#####.........#....#...#
..............#.#+P...##
.########.#............#
..# ####..........## .##
#...........# .#
#..........## .#
##......[...## .#
#..<......(.P# $##
#####$...Y@§§...##
.P#####..###..........#
).Y....§..............#
..######.#............#
..# ###...#+#P..#..# ..#
#.........#..# ..#
#...#.....#..# ..# ###
##............#
..###P###....P.....#..#


You could see a catoblepas (unsilenced).

Vanquished Creatures
  Gastronok (D:8)
  A boulder beetle (Lair:1)
  2 two-headed ogres
  Psyche (D:8)
  3 komodo dragons (Lair:1)
  A hornet (D:9)
  A shadow (D:9)
  A wraith (D:10)
  A vampire (D:8)
  3 wyverns
  21 yaks
  2 steam dragons (D:9)
  4 acid dragons
  3 water moccasins
  9 orc warriors
  3 ice beasts
  3 sky beasts
  A hornet zombie (D:7)
  An ogre (D:6)
  4 centaurs
  9 wolves
  A phantom (D:4)
  2 kobold brigands (D:8)
  Blork the orc (D:6)
  3 necrophages (D:7)
  6 bullfrogs
  2 gnoll sergeants (D:9)
  A water moccasin zombie (D:7)
  3 scorpions
  9 wights
  6 killer bees (D:8)
  A howler monkey (D:6)
  A bullfrog zombie (D:7)
  3 centaur zombies (D:7)
  A human zombie (D:7)
  5 orc priests
  5 jellies
  3 gnoll boudas
  4 iguanas
  12 orc wizards
  A mummy (D:7)
  A howler monkey zombie (D:7)
  22 gnolls
  A river rat (D:3)
  12 adders
  A shadow imp (D:6)
  3 white imps
  An ufetubus (D:7)
  A worm (D:3)
  3 dart slugs
  58 orcs
  18 ball pythons
  10 endoplasms
  7 giant cockroaches
  10 goblins
  12 hobgoblins
  4 jackals (D:2)
  10 quokkas
  5 bats
  13 frilled lizards
  13 kobolds
  7 rats
357 creatures vanquished.

Vanquished Creatures (collateral kills)
  2 giant cockroaches (Sewer)
  A frilled lizard (Sewer)
3 creatures vanquished.

Vanquished Creatures (others)
  3 fungi (Lair:1)
  6 plants
9 creatures vanquished.

Grand Total: 369 creatures vanquished

Notes
Turn   | Place    | Note
-------+----------+-------------------------------------------
     0 | D:1      | manyhoops the Octopode Transmuter began the quest for the
                  | Orb.
     0 | D:1      | Reached XP level 1. HP: 13/13 MP: 3/3
   195 | D:1      | Reached XP level 2. HP: 16/18 MP: 3/5
  1069 | D:2      | Reached XP level 3. HP: 22/24 MP: 4/6
  1173 | D:2      | Learned a level 2 spell: Wereblood
  1184 | D:2      | Reached skill level 4 in Unarmed Combat
  1432 | D:2      | Reached XP level 4. HP: 16/29 MP: 5/7
  1448 | D:2      | Learned a level 4 spell: Ice Form
  1561 | D:2      | Reached skill level 1 in Ice Magic
  1900 | D:3      | Found a glowing drain.
  1904 | Sewer    | Entered a sewer
  1920 | Sewer    | Reached XP level 5. HP: 22/34 MP: 2/8
  2336 | Sewer    | Reached XP level 6. HP: 26/39 MP: 9/9
  2541 | Sewer    | Identified the ring "Vureuntu" {rPois rC- MP+9 Int+4}
  2716 | D:3      | Noticed an ice beast
  3083 | D:3      | Killed an ice beast
  3134 | D:3      | Reached XP level 7. HP: 42/45 MP: 10/10
  3383 | D:3      | Found a faded altar of an unknown god.
  4687 | D:5      | Entered Level 5 of the Dungeon
  4699 | D:5      | Reached skill level 5 in Transmutations
  4699 | D:5      | Reached skill level 5 in Ice Magic
  4847 | D:5      | Found a bloodstained altar of Trog.
  4848 | D:5      | Found a blossoming altar of Fedhas.
  4968 | D:5      | Reached XP level 8. HP: 50/50 MP: 13/13
  5467 | D:5      | Found a staircase to the Ecumenical Temple.
  5547 | Temple   | Entered the Ecumenical Temple
  5702 | Temple   | Became a worshipper of Gozag Ym Sagoz the Greedy
  5953 | D:6      | Noticed Blork the orc
  6108 | D:5      | Gained mutation: You have supernaturally acute eyesight.
                  | (SInv) [potion of mutation]
  6108 | D:5      | Gained mutation: You possess an exceptional clarity of
                  | mind. [potion of mutation]
  6402 | D:6      | Killed Blork the orc
  6903 | D:6      | Reached XP level 9. HP: 55/55 MP: 14/14
  7113 | D:6      | Reached skill level 5 in Unarmed Combat
  7579 | D:7      | Reached skill level 6 in Unarmed Combat
  8330 | D:7      | Reached skill level 7 in Unarmed Combat
  8709 | D:7      | Found an ancient bone altar of Kikubaaqudgha.
  8861 | D:7      | Reached skill level 8 in Unarmed Combat
  9042 | D:8      | Reached XP level 10. HP: 65/65 MP: 15/15
  9055 | D:8      | Reached skill level 5 in Fighting
  9164 | D:8      | Noticed Gastronok
  9189 | D:8      | Killed Gastronok
  9190 | D:8      | Reached skill level 9 in Unarmed Combat
  9461 | D:8      | Reached skill level 10 in Unarmed Combat
  9472 | D:8      | Noticed Psyche
  9478 | D:8      | Killed Psyche
  9600 | D:8      | Noticed a two-headed ogre
  9781 | D:8      | Found a burning altar of Makhleb.
  9934 | D:8      | Reached skill level 11 in Unarmed Combat
 10330 | D:9      | Reached XP level 11. HP: 72/72 MP: 16/16
 10406 | D:9      | Found an iron altar of Okawaru.
 10489 | D:9      | Reached skill level 12 in Unarmed Combat
 11062 | D:9      | Noticed a two-headed ogre
 11064 | D:9      | Noticed a two-headed ogre
 11702 | D:8      | Killed a two-headed ogre
 12112 | D:9      | Killed a two-headed ogre
 12113 | D:9      | Reached skill level 5 in Stealth
 12379 | D:10     | Entered Level 10 of the Dungeon
 12420 | D:10     | Found a staircase to the Lair.
 12485 | D:10     | Found a radiant altar of Vehumet.
 12503 | D:10     | Found Aman's Elemental Accessories.
 12511 | D:10     | Bought a wand of iceblast (1) for 31 gold pieces
 12859 | D:10     | Found a staircase to the Orcish Mines.
 13194 | D:10     | Found Fauwysy's Distillery.
 13199 | D:10     | Bought a potion of heal wounds for 50 gold pieces
 13199 | D:10     | Bought a potion of curing for 30 gold pieces
 13199 | D:10     | Bought a potion of mutation for 80 gold pieces
 13199 | D:10     | Bought a potion of curing for 30 gold pieces
 13199 | D:10     | Bought a potion of heal wounds for 50 gold pieces
 13199 | D:10     | Bought a potion of curing for 30 gold pieces
 13199 | D:10     | Bought a potion of lignification for 30 gold pieces
 13199 | D:10     | Bought a potion of heal wounds for 50 gold pieces
 13582 | D:10     | Reached skill level 10 in Stealth
 13889 | Lair:1   | Entered Level 1 of the Lair of Beasts
 13895 | Lair:1   | Reached XP level 12. HP: 80/80 MP: 17/17
 14219 | Lair:1   | Learned a level 6 spell: Statue Form
 14271 | Lair:1   | Noticed a boulder beetle
 14298 | Lair:1   | Reached skill level 1 in Staves
 14490 | Lair:1   | Killed a boulder beetle
 14491 | Lair:1   | Reached skill level 13 in Unarmed Combat
 14502 | Lair:1   | Noticed a catoblepas
 14732 | Lair:1   | Slain by a catoblepas

Illustrated notes

Levels and vault maps discovered:
D:1:      lightli_arrival_boilingwater, layout_loops_corners
D:2:      layout_basic, dk_noncrumbling_3
D:3:      minmay_angry_zag, layout_rooms, gup_sewer_entry_bowl,
          shapermc_ecumenical_altar_venn, serial_corexii_hall,
          corexii_hall_statues_x, chequers_hall_statues_corner_a,
          kennysheep_nondescript, kennysheep_flooded_box, grunt_ministairs_9
D:4:      layout_loops_ring, nicolae_zen_rock_garden
D:5:      layout_basic, nicolae_overflow_squiral, minmay_temple_entry_glass
D:6:      layout_basic, hangedman_glass_teeth, hangedman_abyss_or_decor_stagger,
          uniq_blork_the_orc
D:7:      layout_basic, lemuel_mausoleum_altar_kikubaaqudgha
D:8:      layout_loops_ring, kennysheep_little_box, uniq_psyche, uniq_gastronok
D:9:      layout_roguey, okawaru_altar_gauntlet_db, kennysheep_kite_vault
D:10:     layout_small_grid, nicolae_vehumet_altar_sigil, dpeg_oklobed_lair,
          david_orc_5, serial_shops, nicolae_shop_rolling_square, dk_vineyard_3,
          nicolae_elemental_shop
Temple:   eino_temple_rhombus
Lair:1:   layout_chaotic_city, lemuel_fruit_fields

Skill      XL: |  1  2  3  4  5  6  7  8  9 10 11 12 |
---------------+-------------------------------------+-----
Unarmed Combat | 4 8 11 12 13 | 13.1
Fighting       | 2 4 6 7 |  7.2
Ice Magic      | 2 3 4 5 6 |  6.4
Transmutations | 4 5 7 |  7.4
Spellcasting   | 3 |  3.4
Stealth        | 10 | 10.4
Dodging        | 3 |  3.4
Staves         | 1 |  1.0

Action                     |  1- 3 |  4- 6 |  7- 9 | 10-12 || total
---------------------------+-------+-------+-------+-------++-------
  Melee: Unarmed           |    11 |    25 |   257 |   381 ||   674
         Kick              |    10 |    15 |    20 |       ||    45
         Constrict         |    11 |    19 |    19 |     2 ||    51
         Tentacles         |    11 |    13 |    18 |     1 ||    43
         Dagger            |    52 |   130 |    78 |       ||   260
         Punch             |       |     2 |     3 |     4 ||     9
         Staff             |       |       |    19 |    10 ||    29
  Throw: Dart              |       |       |       |     2 ||     2
   Cast: Beastly Appendage |    17 |    15 |    11 |       ||    43
         Wereblood         |       |    14 |    17 |    19 ||    50
         Ice Form          |       |     1 |    29 |    34 ||    64
Ability: End Transformatio |       |       |       |     1 ||     1
  Evoke: Wand              |       |       |       |     1 ||     1
    Use: Scroll            |       |    11 |       |     7 ||    18
         Potion            |       |     2 |     3 |    12 ||    17
   Stab: Sleeping          |     6 |     6 |     3 |     2 ||    17
         Distracted        |       |       |     1 |     4 ||     5
 Armour: Skin              |       |   153 |   100 |   131 ||   384
  Dodge: Dodged            |    40 |   107 |   193 |   170 ||   510
